Map: Frozen Temple

Players

MCanning

  • Race: Protoss Protoss
  • League: Grandmaster

Pokebunny - Winner!

  • Race: Terran Terran
  • League: Grandmaster

VOD

Have the link to the VOD?

Description

Time

  • Played on: April 7, 2016, 12:48 a.m.
  • Length: 8:59
Show
View Real Time Build Order
Export as new Build Order

MCanning Protoss 

Build Orders: 1 Gate Expand, Blink Stalkers 

Get SALT Encoding   

  12  0:00  Probe (Chrono Boost)  
  13  0:11  Probe (Chrono Boost)  
  14  0:18  Pylon  
  14  0:22  Probe (Chrono Boost)  
  15  0:36  Probe (Chrono Boost)  
  15  0:38  Gateway  
  16  0:46  Probe (Chrono Boost)  
  16  0:48  Assimilator  
  18  0:57  Probe (Chrono Boost)  
  18  1:07  Probe (Chrono Boost)  
  19  1:22  Nexus  
  19  1:25  Probe (Chrono Boost)  
  20  1:35  Cybernetics Core  
  20  1:39  Probe (Chrono Boost)  
  21  1:45  Assimilator  
  21  1:54  Pylon  
  21  1:55  Probe (Chrono Boost)  
  22  2:05  Probe (Chrono Boost)  
  23  2:12  Adept  
  25  2:16  Mothership Core (Chrono Boost)  
  25  2:17  Warp Gate  
  27  2:23  Pylon  
  27  2:35  Probe (Chrono Boost)  
  28  2:39  Probe (Chrono Boost)  
  29  2:45  Probe (Chrono Boost)  
  29  2:49  Probe (Chrono Boost)  
  31  2:53  Twilight Council  
  31  2:56  Probe (Chrono Boost)  
  32  3:00  Probe (Chrono Boost)  
  33  3:06  Probe (Chrono Boost)  
  33  3:10  Probe (Chrono Boost)  
  35  3:17  Probe (Chrono Boost)  
  36  3:21  Probe (Chrono Boost)  
  36  3:26  Gateway  
  37  3:27  Probe (Chrono Boost)  
  37  3:29  Gateway  
  37  3:32  Probe (Chrono Boost)  
  39  3:35  Blink (Chrono Boost)  
  38  3:48  Probe (Chrono Boost)  
  38  3:49  Probe (Chrono Boost)  
  38  3:53  Robotics Facility  
  39  3:59  Probe  
  39  4:00  Probe  
  39  4:01  Pylon  
  41  4:04  Pylon  
  41  4:10  Probe  
  41  4:11  Probe  
  41  4:15  Assimilator  
  41  4:16  Assimilator  
  43  4:23  Stalker x2, Probe  
  48  4:25  Stalker, Probe  
  51  4:36  Pylon  
  51  4:40  Probe  
  51  4:44  Observer (Chrono Boost)  
  53  4:46  Stalker  
  53  4:47  Stalker  
  57  4:56  Gateway  
  57  4:57  Stalker, Gateway  
  59  5:12  Probe  
  59  5:14  Robotics Bay  
  60  5:15  Probe  
  60  5:17  Forge  
  60  5:18  Observer (Chrono Boost)  
  60  5:19  Pylon  
  62  5:24  Probe  
  62  5:27  Probe  
  64  5:36  Probe  
  64  5:39  Nexus  
  64  5:42  Probe  
  66  5:47  Pylon  
  66  5:50  Pylon  
  66  5:53  Stalker x3  
  71  6:00  Pylon, Protoss Ground Weapons Level 1  
  71  6:02  Disruptor (Chrono Boost)  
  73  6:05  Stalker  
  73  6:06  Stalker  
  77  6:21  Adept  
  77  6:22  Adept x2  
  83  6:29  Stalker x2  
  87  6:33  Disruptor (Chrono Boost)  
  84  6:45  Stalker  
  84  6:46  Stalker x2  
  90  6:50  Pylon  
  90  6:51  Pylon  
  84  7:00  Adept x2  
  86  7:06  Disruptor (Chrono Boost)  
  89  7:10  Adept x2  
  89  7:11  Adept  
  89  7:28  Adept  
  89  7:29  Adept  
  85  7:35  Adept x3  
  83  7:37  Disruptor (Chrono Boost)  
  80  7:51  Adept  
  82  7:53  Mothership Core (Chrono Boost)  
  84  8:00  Nexus  
  84  8:01  Pylon  
  84  8:04  Disruptor (Chrono Boost)  
  84  8:06  Adept  
  84  8:07  Adept x3  
  68  8:35  Stalker x3  
  68  8:36  Stalker x2  
Show
View Real Time Build Order
Export as new Build Order

Pokebunny Terran - Winner!

Build Orders: Reaper Expand, MMM Bio 

Get SALT Encoding   

  12  0:00  SCV  
  13  0:13  SCV  
  14  0:17  Supply Depot  
  14  0:25  SCV  
  15  0:39  SCV  
  15  0:40  Barracks  
  16  0:43  Refinery  
  16  0:51  SCV  
  17  1:04  SCV  
  18  1:16  SCV  
  19  1:28  Orbital Command, Reaper  
  20  1:42  Command Center  
  20  1:51  Supply Depot  
  20  1:54  SCV  
  20  2:00  Marine  
  22  2:06  SCV  
  23  2:10  Factory  
  23  2:18  Marine, SCV  
  23  2:20  Refinery  
  25  2:41  Barracks Reactor  
  25  2:43  SCV  
  26  2:54  Hellion, Starport, Orbital Command  
  26  2:55  SCV  
  28  3:07  SCV  
  28  3:11  Barracks  
  29  3:15  Barracks, Widow Mine  
  31  3:20  Marine x2  
  31  3:25  SCV x2  
  35  3:30  Supply Depot  
  33  3:49  SCV  
  33  3:51  Marine x2, Medivac  
  33  3:52  Factory Tech Lab  
  38  3:57  SCV  
  38  4:01  Barracks Tech Lab, SCV  
  40  4:03  Barracks Reactor  
  40  4:08  Marine  
  40  4:09  Marine  
  42  4:11  SCV  
  42  4:12  Siege Tank  
  42  4:13  SCV  
  47  4:17  Supply Depot  
  47  4:21  Refinery  
  47  4:27  SCV x2  
  47  4:28  Combat Shields  
  47  4:31  Starport Reactor  
  49  4:35  Supply Depot  
  49  4:43  Marine x2, SCV x2  
  49  4:44  Engineering Bay  
  53  4:50  Siege Tank  
  56  4:53  Marine x3  
  56  4:59  Supply Depot  
  59  5:01  Marine  
  59  5:05  Supply Depot, SCV x2  
  62  5:11  Missile Turret  
  62  5:12  Terran Infantry Weapons Level 1  
  62  5:27  Marine x2  
  62  5:28  Marine x3  
  65  5:29  Medivac x2  
  65  5:31  SCV x2  
  71  5:38  Supply Depot  
  71  5:40  Siege Tank  
  74  5:48  Marine  
  74  5:49  Marine x3  
  78  5:50  Marine  
  79  5:58  Supply Depot, SCV x2  
  81  6:08  Marine x5, Stimpack  
  84  6:18  Siege Tank  
  85  6:24  Bunker  
  84  6:28  Marine x4  
  84  6:29  Marine  
  84  6:32  SCV x2  
  90  6:46  Marine x4  
  94  6:51  Marine  
  91  7:04  Marine x4, Medivac x2  
  99  7:09  Marauder  
  99  7:13  Command Center  
  101  7:16  Bunker  
  101  7:20  Bunker  
  101  7:21  Marine  
  102  7:23  Marine x3  
  82  7:30  Marine  
  82  7:36  Bunker  
  75  7:38  Siege Tank  
  75  7:39  Marine, Medivac x2  
  75  7:41  Marine x3  
  75  7:42  Bunker  
  86  7:50  Bunker  
  86  7:52  Marine  
  86  7:53  SCV  
  86  7:54  SCV  
  88  8:10  Marine x4  
  88  8:11  Marauder  
  93  8:14  Siege Tank  
  89  8:32  Marine  
  89  8:33  Marine, Marauder  
Tags
 
Add a new tag
Caveats
  • Supply blocks, unpowered buildings, or Contaminate may cause inaccurate times.
  • Supply counts are checked every 10 seconds.